 Dungeon Crawl Stone Soup version 0.30-a0-451-ge042605de7 (webtiles) character file.

Game seed: 5840682115748786966

140 billz999 the Skirmisher (level 5, -1/43 HPs)
             Began as a Gnoll Hunter on Dec 11, 2022.
             Slain by Blork the orc
             ... wielding a +3 halberd of protection
              (4 damage)
             ... on level 4 of the Dungeon.
             The game lasted 00:03:34 (2470 turns).

billz999 the Skirmisher (Gnoll Hunter)              Turns: 2470, Time: 00:03:35

Health: -1/43      AC:  5    Str: 10    XL:     5   Next: 22%
Magic:  5/7        EV: 14    Int:  8    God:
Gold:   180        SH:  0    Dex: 18    Spells: 5/6 levels left

rFire   . . .      SeeInvis .    a - +0 shortbow
rCold   . . .      Faith    .    (shield currently unavailable)
rNeg    . . .      Spirit   .    c - +1 leather armour
rPois   .          Reflect  .    (no helmet)
rElec   .          Harm     .    j - +0 cloak
rCorr   .          Rampage  .    (no gloves)
Will    .....                    (no boots)
Stlth   ++........               l - amulet of regeneration
HPRegen 1.07/turn                (no ring)
MPRegen 0.10/turn                (no ring)

@: very slightly contaminated
A: fangs 1, strong nose, distributed training
a: no special abilities


You were on level 4 of the Dungeon.
You visited 1 branch of the dungeon, and saw 4 of its levels.

You collected 180 gold pieces.

Inventory:

Hand Weapons
 a - a +0 shortbow (weapon)
Armour
 c - a +1 leather armour (worn)
 j - a +0 cloak (worn)
Jewellery
 l - an amulet of regeneration (around neck)
Scrolls
 b - 2 scrolls of immolation
 d - a scroll of torment {unknown}
 e - a scroll of amnesia {unknown}
 g - a scroll of vulnerability {unknown}
 h - a scroll of enchant armour
 k - 2 scrolls of identify {unknown}
 n - 2 scrolls of teleportation {unknown}
 o - a scroll of silence {unknown}
 p - a scroll of brand weapon {unknown}
 q - a scroll of blinking {unknown}
Potions
 f - a potion of degeneration {unknown}
 i - a potion of attraction {unknown}
 m - a potion of haste
 r - a potion of flight {unknown}
 s - a potion of heal wounds {unknown}


   Skills:
 + Level 4.8 Fighting
 + Level 1.4 Short Blades
 + Level 1.4 Long Blades
 + Level 1.4 Axes
 + Level 1.4 Maces & Flails
 + Level 1.4 Polearms
 + Level 1.4 Staves
 + Level 8.6 Ranged Weapons
 + Level 1.4 Throwing
 + Level 1.4 Armour
 + Level 4.8 Dodging
 + Level 2.7 Stealth
 + Level 1.4 Shields
 + Level 1.4 Unarmed Combat
 + Level 1.4 Spellcasting
 + Level 1.1 Conjurations
 + Level 1.1 Hexes
 + Level 1.1 Summonings
 + Level 1.1 Necromancy
 + Level 1.1 Translocations
 + Level 1.1 Transmutations
 + Level 1.1 Fire Magic
 + Level 1.1 Ice Magic
 + Level 1.1 Air Magic
 + Level 1.1 Earth Magic
 + Level 1.1 Poison Magic
 + Level 1.6 Invocations
 + Level 1.4 Evocations


You had 5 spell levels left.
You knew the following spells:

 Your Spells              Type           Power      Damage    Failure   Level
a - Magic Dart            Conj           8%         1d3       30%         1

Your spell library contained the following spells:

 Spells                   Type           Power      Damage    Failure   Level
 Searing Ray              Conj           4%         2d4       43%         2
 Ozocubu's Armour         Ice            2%         N/A       67%         3
 Fulminant Prism          Conj/Hex       1%         3d5       97%         4
 Metabolic Englaciation   Hex/Ice        1%         N/A       100%        5
 Simulacrum               Ice/Necr       1%         N/A       100%        6


Dungeon Overview and Level Annotations

Branches:
Dungeon (4/15)
 Temple: D:4-7

Altars:

Shops:
D:2 *

Annotations:
D:4 Blork the orc


Innate Abilities, Weirdness & Mutations

You have very sharp teeth.
Your uncanny sense of smell can sniff out nearby items.
Your experience applies equally to all skills.


Message History

The puff of flame hits you.
Fire: a) +0 shortbow
Press: ? - help, Shift-Dir - straight line, f/p - Blork the orc
Aim: Blork the orc, wielding a +3 halberd of protection and wearing a +0 robe (severely wounded, fast, 70% to hit)
You shoot an arrow. The arrow hits Blork the orc!
Blork the orc is almost dead.
Blork the orc casts a spell at you. The puff of flame misses you.
Blork the orc closely misses you.
You aren't carrying any items that you can evoke.
Unknown command.
Casting: Magic Dart (safe; 30% risk of failure)
Confirm with . or Enter, or press ? or * to list all spells.
Aiming: Magic Dart (safe; 30% risk of failure)
Press: ? - help, Shift-Dir - straight line, f/p - Blork the orc
Aim: Blork the orc, wielding a +3 halberd of protection and wearing a +0 robe (almost dead, fast, 100% to hit)
You miscast Magic Dart.
You are very lightly contaminated with residual magic.
Nothing appears to happen.
Blork the orc hits you from afar with a +3 halberd of protection.
Blork the orc hits you but does no damage.
Fire: a) +0 shortbow
Press: ? - help, Shift-Dir - straight line, f/p - Blork the orc
Aim: Blork the orc, wielding a +3 halberd of protection and wearing a +0 robe (almost dead, fast, 70% to hit)
You shoot an arrow. The arrow hits Blork the orc.
Blork the orc is almost dead.
Blork the orc hits you from afar with a +3 halberd of protection!
* * * LOW HITPOINT WARNING * * *
Fire: a) +0 shortbow
Press: ? - help, Shift-Dir - straight line, f/p - Blork the orc
Aim: Blork the orc, wielding a +3 halberd of protection and wearing a +0 robe (almost dead, fast, 70% to hit)
You shoot an arrow. The arrow barely misses Blork the orc.
Blork the orc hits you from afar with a +3 halberd of protection!
* * * LOW HITPOINT WARNING * * *
Blork the orc barely misses you.
Fire: a) +0 shortbow
Press: ? - help, Shift-Dir - straight line, f/p - Blork the orc
Aim: Blork the orc, wielding a +3 halberd of protection and wearing a +0 robe (almost dead, fast, 70% to hit)
You shoot an arrow. The arrow barely misses Blork the orc.
Blork the orc hits you from afar with a +3 halberd of protection.
You die...

∆ ## ###########
..##..<#..#..###
#...........o....#
#...........#....#
#..##.....##o..##
##..##.....##'####
#...........@....+ #
#..##.....##....#
#..##..##.[...##...##
#.......#.....######
#.......'......#
...##..##......# #..
#.....## ...> ####'##
..... ###


You could see Blork the orc (fast).

Vanquished Creatures
  Natasha (D:3)
  Robin (D:2)
  3 adders
  A worm (D:2)
  2 dart slugs
  4 orcs (D:2)
  6 endoplasms
  2 giant cockroaches
  12 goblins
  10 hobgoblins
  4 kobolds
  2 quokkas
  2 ball pythons
  4 bats
  2 frilled lizards (D:2)
  2 rats (D:2)
58 creatures vanquished.

Vanquished Creatures (others)
  2 plants (D:2)
2 creatures vanquished.

Grand Total: 60 creatures vanquished

Notes
Turn   | Place    | Note
-------+----------+-------------------------------------------
     0 | D:1      | billz999 the Gnoll Hunter began the quest for the Orb.
     0 | D:1      | Reached XP level 1. HP: 20/20 MP: 1/1
   172 | D:1      | Reached XP level 2. HP: 26/26 MP: 2/2
   915 | D:2      | Reached XP level 3. HP: 31/31 MP: 3/3
   988 | D:2      | Reached skill level 1 in Invocations
  1139 | D:2      | Found a faded altar of an unknown god.
  1178 | D:2      | Reached skill level 1 in Short Blades
  1178 | D:2      | Reached skill level 1 in Long Blades
  1178 | D:2      | Reached skill level 1 in Axes
  1178 | D:2      | Reached skill level 1 in Maces & Flails
  1178 | D:2      | Reached skill level 1 in Polearms
  1178 | D:2      | Reached skill level 1 in Staves
  1178 | D:2      | Reached skill level 1 in Throwing
  1178 | D:2      | Reached skill level 1 in Armour
  1178 | D:2      | Reached skill level 1 in Shields
  1178 | D:2      | Reached skill level 1 in Unarmed Combat
  1178 | D:2      | Reached skill level 1 in Spellcasting
  1178 | D:2      | Reached skill level 1 in Evocations
  1203 | D:2      | Found Hyes's Assorted Antiques.
  1253 | D:2      | Noticed Robin
  1261 | D:2      | Killed Robin
  1262 | D:2      | Reached XP level 4. HP: 33/35 MP: 5/5
  1288 | D:2      | Reached skill level 1 in Conjurations
  1288 | D:2      | Reached skill level 1 in Hexes
  1288 | D:2      | Reached skill level 1 in Summonings
  1288 | D:2      | Reached skill level 1 in Necromancy
  1288 | D:2      | Reached skill level 1 in Translocations
  1288 | D:2      | Reached skill level 1 in Transmutations
  1288 | D:2      | Reached skill level 1 in Fire Magic
  1288 | D:2      | Reached skill level 1 in Ice Magic
  1288 | D:2      | Reached skill level 1 in Air Magic
  1288 | D:2      | Reached skill level 1 in Earth Magic
  1288 | D:2      | Reached skill level 1 in Poison Magic
  1810 | D:3      | Noticed Natasha
  1824 | D:3      | Killed Natasha
  1825 | D:3      | Reached XP level 5. HP: 15/43 MP: 5/7
  2223 | D:4      | Noticed Blork the orc
  2371 | D:3      | Learned a level 1 spell: Magic Dart
  2469 | D:4      | HP: 2/43 [Blork the orc/+3 halberd of protection (7)]
  2470 | D:4      | Slain by Blork the orc

Illustrated notes

Levels and vault maps discovered:
D:1:      evilmike_arrival_crescent, layout_loops_ring
D:2:      layout_loops_ring, serial_shops, shop, basic_ecumenical_altar,
          serial_forest, infiniplex_forest_join, infiniplex_forest_lined_3,
          infiniplex_forest_clump_medium, infiniplex_forest_straight_4,
          infiniplex_forest_clump_medium, infiniplex_forest_clump_diagonal,
          infiniplex_forest_fountain, infiniplex_forest_lined_2,
          infiniplex_forest_end_1, uniq_robin
D:3:      layout_basic, uniq_natasha
D:4:      layout_gridville, marbit_many_paths, trog_hazing_becter,
          mainiacjoe_overflow_swirl, ebering_ghost_disaster_area,
          corner_web_ring, uniq_ijyb, uniq_blork_the_orc

Skill      XL: |  1  2  3  4 |
---------------+-------------+-----
Invocations    | 1 |  1.6
Short Blades   | 1 |  1.4
Long Blades    | 1 |  1.4
Axes           | 1 |  1.4
Maces & Flails | 1 |  1.4
Polearms       | 1 |  1.4
Staves         | 1 |  1.4
Throwing       | 1 |  1.4
Armour         | 1 |  1.4
Shields        | 1 |  1.4
Unarmed Combat | 1 |  1.4
Spellcasting   | 1 |  1.4
Evocations     | 1 |  1.4
Conjurations   | 1 |  1.1
Hexes          | 1 |  1.1
Summonings     | 1 |  1.1
Necromancy     | 1 |  1.1
Translocations | 1 |  1.1
Transmutations | 1 |  1.1
Fire Magic     | 1 |  1.1
Ice Magic      | 1 |  1.1
Air Magic      | 1 |  1.1
Earth Magic    | 1 |  1.1
Poison Magic   | 1 |  1.1
Fighting       | |  4.8
Ranged Weapons | |  8.6
Dodging        | |  4.8
Stealth        | |  2.7

Action                   |  1- 3 |  4- 6 || total
-------------------------+-------+-------++-------
 Fire: Shortbow          |    85 |    84 ||   169
 Cast: Magic Dart        |       |     5 ||     5
  Use: Scroll            |     1 |       ||     1
       Potion            |       |     1 ||     1
Armor: Leather armour    |     8 |    11 ||    19
Dodge: Dodged            |    23 |    40 ||    63

Table legend: (Time is in decaauts)
 A = Elapsed time spent in this place.
 B = Non-inter-level travel time spent in this place.
 C = Inter-level travel time spent in this place.
 D = Time resting spent in this place.
 E = Time spent auto-exploring this place.
 F = Levels seen in this place.
 G = Mean time per level.
                   A        B        C        D        E       F      G
               +--------+--------+--------+--------+--------+-----+--------+
         Total |   2476 |   2314 |    162 |    180 |   1796 |   4 |  619.0 |
       Dungeon |   2476 |   2314 |    162 |    180 |   1796 |   4 |  619.0 |
               +--------+--------+--------+--------+--------+-----+--------+

Top non-repeatable levels by time:
     D:1: 865 daAuts
     D:2: 839 daAuts
     D:3: 702 daAuts
     D:4: 69 daAuts
